[Event "Titled Tuesday Blitz April 25 Early 2023"]
[White "Vovk, Orest"]
[Black "Necula, Iulian"]
[WhiteFideId "14113490"]
[BlackFideId "1232380"]
[WhiteElo "2215"]
[BlackElo "1790"]
[Result "1-0"]
[Round "01"]
[TimeControl "180+2"]
[Date "2023.04.25"]
[WhiteClock "0:00:15"]
[BlackClock "0:00:03"]

1. d4 d6 2. Bf4 f5 3. e3 Nf6 4. Nf3 b6 5. h3 Bb7 6. Be2 g6 7. O-O Bg7 8. Nbd2 O-O 9. c3 Nc6 10. Bh2 Ne4 11. Nxe4 fxe4 12. Ng5 Qe8 13. Ne6 Rf6 14. Nxc7 Qd8 15. Nxa8 Bxa8 16. b4 Qc8 17. Qb3+ Kh8 18. Bg4 Qb7 19. Qd5 Nd8 20. Qxb7 Bxb7 21. a4 h5 22. Bd7 e6 23. a5 Rf7 24. Be8 Rc7 25. axb6 axb6 26. Bxg6 Rxc3 27. Bxd6 h4 28. Ra7 Bd5 29. Rc7 Rxc7 30. Bxc7 Nc6 31. b5 Nb4 32. Bxb6 Bf6 33. Bc5 Nd3 34. b6 Nxc5 35. dxc5 Kg7 36. Bh5 Be7 37. Rc1 Bc6 38. Be2 Kf8 39. Ba6 Bd8 40. Bc8 Ke7 41. Ra1 e5 42. Ra7+ Ke8 43. Rh7 Bd5 44. b7 Bg8 45. Rh8 Bc7 46. Rxg8+ Ke7 47. Rg7+ Kd8 48. Bf5 Bb8 49. c6 Bc7 50. Rd7+ Ke8 51. Rxc7 Kd8 52. Rd7+ Ke8 53. b8=B 1-0


[Site "https://www.chess.com"]

[Event "Titled Tuesday Blitz April 25 Early 2023"]
[White "Osiecki, Stanislaw"]
[Black "Padmini, Rout"]
[WhiteFideId "1102990"]
[BlackFideId "5029295"]
[WhiteElo "2088"]
[BlackElo "2314"]
[Result "1-0"]
[Round "01"]
[TimeControl "180+2"]
[Date "2023.04.25"]
[WhiteClock "0:00:03"]
[BlackClock "0:00:01"]

1. e4 e6 2. d4 d5 3. e5 c5 4. c3 Nc6 5. Nf3 Qb6 6. Be2 Nge7 7. dxc5 Qxc5 8. Be3 Qa5 9. O-O Ng6 10. Bd4 Qc7 11. Re1 Bd7 12. Bd3 Be7 13. g3 O-O 14. h4 f6 15. exf6 Bxf6 16. Bxg6 hxg6 17. Qd3 Nxd4 18. cxd4 Qb6 19. Nc3 Qxb2 20. Rab1 Qa3 21. Rxb7 Rac8 22. Rb3 Qa5 23. Rc1 Rc7 24. Ne2 Rxc1+ 25. Nxc1 Rc8 26. Ne2 Qxa2 27. Ra3 Qc2 28. Qxc2 Rxc2 29. Rxa7 Rxe2 30. Rxd7 Kf8 31. Ra7 Re4 32. Ra4 Re2 33. Kf1 Rc2 34. Ra8+ Ke7 35. Ra7+ Kd6 36. Ra6+ Kd7 37. Ra7+ Kc8 38. Rf7 Rc4 39. Ke2 Kd8 40. Ne5 Ra4 41. Nxg6 Rxd4 42. Ra7 Re4+ 43. Kf3 Rb4 44. Kg2 Rb2 45. Nf4 1-0


[Site "https://www.chess.com"]

[Event "Titled Tuesday Blitz April 25 Early 2023"]
[White "Przybylski, Wojciech"]
[Black "Psakhis, Lev"]
[WhiteFideId "1117599"]
[BlackFideId "2800012"]
[WhiteElo "2222"]
[BlackElo "2078"]
[Result "1-0"]
[Round "01"]
[TimeControl "180+2"]
[Date "2023.04.25"]
[WhiteClock "0:00:14"]
[BlackClock "0:00:07"]

1. e4 e6 2. d4 d5 3. Nc3 Bb4 4. a3 Bxc3+ 5. bxc3 Ne7 6. Bd3 c5 7. dxc5 dxe4 8. Bxe4 Qxd1+ 9. Kxd1 Nd7 10. Be3 Nf5 11. Bd4 O-O 12. Nf3 Rd8 13. Kc1 Nf6 14. Bxf5 exf5 15. Kb2 Be6 16. Bxf6 gxf6 17. Nd4 Rac8 18. Rhe1 Rxc5 19. Nxe6 fxe6 20. Rxe6 Kf7 21. Rae1 Rd7 22. a4 Rdc7 23. R6e3 R5c6 24. Rd3 Rb6+ 25. Ka3 Ra6 26. Rb1 b6 27. Rb5 Rc4 28. Rb4 Rc5 29. Kb3 Kg6 30. Rg3+ Kf7 31. Rh3 Kg6 32. Rg3+ Kf7 33. Rh4 f4 34. Rxf4 b5 35. axb5 Rxb5+ 36. Rb4 Rba5 37. Rf3 Ra3+ 38. Kc4 Rc6+ 39. Kd4 Ra2 40. Kd3 a5 41. Rh4 Ra3 42. Kd2 a4 43. Rxh7+ Kg6 44. Ra7 Ra1 45. Rf4 a3 46. Rfa4 Rd6+ 47. Rd4 Re6 48. Rg4+ Kf5 49. Rga4 Rd6+ 50. Ke2 Ra2 51. Rxa3 Rxc2+ 52. Ke3 Rdd2 53. R7a5+ Kg6 54. f3 Rxg2 55. h4 Rge2+ 56. Kf4 Rh2 57. h5+ Kh6 58. Rf5 Rh4+ 59. Ke3 Rc4 60. Rxf6+ Kg5 61. Kd3 1-0


[Site "https://www.chess.com"]

[Event "Titled Tuesday Blitz April 25 Early 2023"]
[White "Maranhao,Jose Renato Ruiz"]
[Black "MaryanKyrychenko"]
[WhiteFideId "2135175"]
[WhiteElo "1970"]
[BlackElo "2530"]
[Result "0-1"]
[Round "01"]
[TimeControl "180+2"]
[Date "2023.04.25"]
[WhiteClock "0:00:04"]
[BlackClock "0:00:42"]

1. e4 c5 2. Nf3 d6 3. d4 cxd4 4. Nxd4 Nf6 5. Nc3 g6 6. Be2 Bg7 7. O-O O-O 8. Be3 Nc6 9. Nxc6 bxc6 10. f4 Qa5 11. Qd2 Rd8 12. Rad1 Ng4 13. Bd4 e5 14. Bf2 Nxf2 15. Rxf2 exf4 16. Bc4 Be6 17. Bxe6 fxe6 18. Qxf4 Rf8 19. Qxd6 Qb6 20. Qxe6+ Kh8 21. Rd2 Bxc3 22. bxc3 Qb1+ 0-1


[Site "https://www.chess.com"]

[Event "Titled Tuesday Blitz April 25 Early 2023"]
[White "Bartel, Michal"]
[Black "Aung Thant Zin"]
[WhiteFideId "1119257"]
[BlackFideId "13000063"]
[WhiteElo "2282"]
[BlackElo "2278"]
[Result "1-0"]
[Round "01"]
[TimeControl "180+2"]
[Date "2023.04.25"]
[WhiteClock "0:01:02"]
[BlackClock "0:00:06"]

1. e4 c5 2. Ne2 Nc6 3. g3 d6 4. Bg2 Nf6 5. c3 e5 6. d4 Be7 7. O-O O-O 8. h3 Bd7 9. Be3 Qc8 10. Kh2 Re8 11. Nd2 b6 12. a4 Qa6 13. d5 Nd8 14. b3 Bc8 15. f4 Nd7 16. f5 f6 17. g4 Nf7 18. Ng3 Nf8 19. Rg1 Qd3 20. Qf3 Qxc3 21. Nc4 Qxb3 22. Rgc1 Ba6 23. Ra3 Bxc4 24. Rxb3 Bxb3 25. Ra1 Rec8 26. h4 Bc4 27. Bf1 Bxf1 28. Nxf1 a6 29. Rb1 Rcb8 30. Qe2 Nd7 31. Nd2 h6 32. Nf3 b5 33. axb5 axb5 34. Rxb5 Rc8 35. Rb7 Rd8 36. g5 fxg5 37. hxg5 Nxg5 38. Nxg5 hxg5 39. Qg2 Bf6 40. Bxg5 Kf8 41. Bxf6 gxf6 42. Qg6 Ra2+ 43. Kh3 Ra3+ 44. Kh4 Ra4 45. Qh6+ Ke7 46. Qh7+ Ke8 47. Qg8+ Ke7 48. Qe6+ Kf8 49. Qxd6+ Kg8 50. Rxd7 Rxe4+ 51. Kh5 Rf8 52. Qe7 1-0


[Site "https://www.chess.com"]

[Event "Titled Tuesday Blitz April 25 Early 2023"]
[White "Maluco_do_Natal_00"]
[Black "Herman, Daniel"]
[BlackFideId "30935008"]
[WhiteElo "2006"]
[BlackElo "1897"]
[Result "0-1"]
[Round "01"]
[TimeControl "180+2"]
[Date "2023.04.25"]
[WhiteClock "0:00:02"]
[BlackClock "0:00:20"]

1. e4 g6 2. d4 Bg7 3. Nf3 d6 4. c4 Nc6 5. h3 e5 6. d5 Nd4 7. Be3 c5 8. dxc6 Nxc6 9. Nc3 f5 10. Bg5 Nf6 11. Be2 h6 12. Bxf6 Qxf6 13. O-O O-O 14. Qd2 Be6 15. Qxd6 Rfd8 16. Qa3 Bf8 17. Qa4 Bc5 18. Rad1 Nd4 19. Nxd4 Bxd4 20. Nd5 Qg5 21. Kh1 fxe4 22. Qc2 Rxd5 23. cxd5 Bxd5 24. f3 Qe3 25. b3 Rf8 26. Rde1 Qg5 27. Bc4 Bxc4 28. Qxc4+ Kg7 29. fxe4 Rxf1+ 30. Rxf1 Qe7 31. Qd5 h5 32. Rd1 Be3 33. Rf1 Bf4 34. Qd3 Qg5 35. Qf3 h4 36. Qg4 Qxg4 37. hxg4 Kh6 38. Kg1 Kg5 39. Kf2 Kxg4 40. Rh1 Bg3+ 41. Ke2 Kf4 42. Kd3 g5 43. Rf1+ Kg4 44. Rf7 Bf4 45. Ke2 Kg3 46. Kf1 g4 47. Rxb7 Be3 0-1


[Site "https://www.chess.com"]

[Event "Titled Tuesday Blitz April 25 Early 2023"]
[White "Risteski, Emil"]
[Black "White, John S."]
[WhiteFideId "15005267"]
[BlackFideId "2502348"]
[WhiteElo "2251"]
[BlackElo "1953"]
[Result "1-0"]
[Round "01"]
[TimeControl "180+2"]
[Date "2023.04.25"]
[WhiteClock "0:02:11"]
[BlackClock "0:01:08"]

1. c4 e6 2. d4 d5 3. cxd5 exd5 4. Nc3 Nf6 5. Bg5 c6 6. e3 Bf5 7. Qf3 Bg6 8. Bxf6 Qxf6 9. Qxf6 gxf6 10. Nge2 Na6 11. h4 Nb4 12. Kd2 Nd3 13. Nd1 h5 14. a3 Bh6 15. Nec3 Nf4 16. exf4 Bxf4+ 17. Ne3 O-O-O 18. g3 Bh6 19. Bd3 Rde8 20. f4 Be4 21. Rhe1 f5 22. Nxf5 Kd7 23. Nxe4 dxe4 24. Bxe4 Re6 25. Bd3 Rhe8 26. Bc4 1-0


[Site "https://www.chess.com"]

[Event "Titled Tuesday Blitz April 25 Early 2023"]
[White "Sanchez, Robert"]
[Black "Arpita, Mukherjee"]
[WhiteFideId "2034360"]
[BlackFideId "5056403"]
[WhiteElo "1948"]
[BlackElo "2129"]
[Result "0-1"]
[Round "01"]
[TimeControl "180+2"]
[Date "2023.04.25"]
[WhiteClock "0:02:26"]
[BlackClock "0:01:02"]

1. e4 c5 2. Nf3 d6 3. d4 cxd4 4. Nxd4 Nf6 5. Nc3 a6 6. Be3 e5 7. Nb3 Be7 8. f3 Be6 9. Qd2 h5 10. O-O-O Nbd7 11. Kb1 Rc8 12. Nd5 Nxd5 13. exd5 Bf5 14. Bd3 Bxd3 15. Qxd3 Bg5 16. h4 Bxe3 17. Qxe3 Qc7 18. c4 O-O 19. Rc1 a5 20. Nd2 f5 21. g4 hxg4 22. fxg4 f4 23. Qe2 Nc5 24. Ne4 f3 25. Qc2 Nxe4 26. Qxe4 Rf4 27. Qg6 Qf7 28. Qxd6 Rfxc4 29. Rxc4 Rxc4 30. Qxe5 f2 31. Rf1 Rxg4 32. Rxf2 Rg1+ 0-1


[Site "https://www.chess.com"]

[Event "Titled Tuesday Blitz April 25 Early 2023"]
[White "Vestby-Ellingsen, Mads"]
[Black "Vargas, Mauricio"]
[WhiteFideId "1520857"]
[BlackFideId "4404572"]
[WhiteElo "2246"]
[BlackElo "1998"]
[Result "1-0"]
[Round "01"]
[TimeControl "180+2"]
[Date "2023.04.25"]
[WhiteClock "0:01:45"]
[BlackClock "0:00:01"]

1. e4 c5 2. Nf3 d6 3. c3 Nc6 4. d4 cxd4 5. cxd4 Nf6 6. Be2 g6 7. O-O Bg7 8. Nc3 O-O 9. Bg5 h6 10. Bh4 g5 11. Bg3 Qb6 12. d5 Nb4 13. a3 Na6 14. b4 Bd7 15. Rc1 Rac8 16. e5 dxe5 17. Nxe5 Bf5 18. Nc4 Qd8 19. Na5 Nc7 20. Nxb7 Qd7 21. Nc5 Qd8 22. Bc4 Bg4 23. Qd3 Bh5 24. Rfe1 Bg6 25. Qd2 e6 26. d6 Ncd5 27. Nxd5 exd5 28. Bxd5 1-0


[Site "https://www.chess.com"]

[Event "Titled Tuesday Blitz April 25 Early 2023"]
[White "Semenova, Alina"]
[Black "koncheto"]
[WhiteFideId "24113875"]
[WhiteElo "1833"]
[BlackElo "2524"]
[Result "1/2-1/2"]
[Round "01"]
[TimeControl "180+2"]
[Date "2023.04.25"]
[WhiteClock "0:00:06"]
[BlackClock "0:00:09"]

1. e4 c5 2. Nf3 d6 3. d4 cxd4 4. Nxd4 Nf6 5. Nc3 Nc6 6. f3 e6 7. Be3 a6 8. Qd2 Qc7 9. O-O-O b5 10. g4 Bb7 11. g5 Nd7 12. f4 Nc5 13. Nxc6 Bxc6 14. Bg2 b4 15. Ne2 Nxe4 16. Qxb4 Rb8 17. Qd4 d5 18. Bxe4 dxe4 19. Qe5 Qxe5 20. fxe5 Be7 21. Nd4 Bd5 22. b3 O-O 23. c4 Rfc8 24. Kd2 Ba8 25. Ke2 a5 26. Nb5 a4 27. Rd7 Bf8 28. Ba7 Rb7 29. Rxb7 Bxb7 30. Rc1 Ba6 31. bxa4 Bc5 32. Bxc5 Rxc5 33. Ke3 Rxe5 34. Kf4 f6 35. gxf6 gxf6 36. c5 Kf7 37. c6 Ke7 38. c7 Bc8 39. Na7 Kd7 40. Nxc8 Kxc8 41. Ke3 Ra5 42. Kxe4 Rxa4+ 43. Kf3 Rxa2 44. h4 Ra7 45. Re1 e5 46. Ke4 Rxc7 47. Kf5 Re7 48. Kxf6 Ra7 49. Rxe5 Ra6+ 50. Kf5 Kd7 51. Kg5 Rd6 52. Rf5 Ke7 53. Re5+ Kf7 54. h5 Kg7 55. Re7+ Kg8 56. Re8+ Kf7 57. Re5 Ra6 58. Rf5+ Kg7 59. Rb5 Ra1 60. Rb7+ Kg8 61. Rb8+ Kg7 62. Rb7+ Kg8 63. Rb8+ Kf7 64. Rb7+ Kg8 1/2-1/2


[Site "https://www.chess.com"]

[Event "Titled Tuesday Blitz April 25 Early 2023"]
[White "Lorenzo De La Riva, Lazaro"]
[Black "Butolo, Alexandru-Mircea"]
[WhiteFideId "2268809"]
[BlackFideId "1261649"]
[WhiteElo "2294"]
[BlackElo "1861"]
[Result "1-0"]
[Round "01"]
[TimeControl "180+2"]
[Date "2023.04.25"]
[WhiteClock "0:01:22"]
[BlackClock "0:02:09"]

1. e4 c5 2. Nf3 Nc6 3. d4 cxd4 4. Nxd4 Nf6 5. Nc3 e6 6. Nxc6 bxc6 7. Bd3 d5 8. O-O Bd6 9. f4 O-O 10. e5 Bc5+ 11. Kh1 Nd7 12. Qh5 h6 13. Rf3 Be7 14. Rg3 Kh8 15. f5 Nxe5 16. Bxh6 g6 17. fxg6 fxg6 18. Qxe5+ Bf6 19. Qe2 Bxc3 20. bxc3 Qf6 21. Rxg6 Qxc3 22. Rd1 1-0


[Site "https://www.chess.com"]

[Event "Titled Tuesday Blitz April 25 Early 2023"]
[White "Mammadov, Ziya"]
[Black "Lehtosaari, Mauri"]
[WhiteFideId "13418890"]
[BlackFideId "501999"]
[WhiteElo "1583"]
[BlackElo "2523"]
[Result "0-1"]
[Round "01"]
[TimeControl "180+2"]
[Date "2023.04.25"]
[WhiteClock "0:00:02"]
[BlackClock "0:00:13"]

1. e4 d5 2. exd5 Qxd5 3. d4 Nf6 4. Nc3 Qd8 5. Nf3 Bg4 6. Be3 e6 7. h3 Bxf3 8. Qxf3 c6 9. Bc4 Nbd7 10. O-O Bd6 11. Bg5 Qa5 12. Bh4 O-O 13. Ne4 Nxe4 14. Qxe4 Qh5 15. Bg3 Bxg3 16. fxg3 Nf6 17. Qe3 Rad8 18. Bd3 Rd7 19. c3 Rfd8 20. Rad1 Rd5 21. b4 b6 22. Bb1 c5 23. Bc2 cxd4 24. Rxd4 Rxd4 25. cxd4 Qd5 26. Rd1 Qxa2 27. Qd3 Qd5 28. g4 g6 29. Qa3 a5 30. bxa5 bxa5 31. Qe7 Kg7 32. Kh1 Rd7 33. Qa3 Ne4 34. Kg1 h6 35. Qe3 Nd6 36. Qd3 Ne8 37. Bb3 Qd6 38. Ba4 Rd8 39. Qc3 Qb4 40. Qa1 Nf6 41. h4 Nd5 42. Bc6 Qd6 43. Bxd5 Qxd5 44. Qc3 Ra8 45. Qe3 a4 46. Rf1 a3 47. Qf4 Qd7 48. Qf6+ Kg8 49. Qf4 Rd8 50. Qxh6 Qxd4+ 51. Kh1 Qxg4 52. Qc1 a2 53. Kg1 Qd4+ 54. Kh1 Qxh4+ 55. Kg1 Qd4+ 56. Kh1 Ra8 57. Qc7 Qg7 58. Qc6 a1=Q 59. Rxa1 Rxa1+ 60. Kh2 Qe5+ 61. g3 Ra2+ 62. Kh3 Qf5+ 63. g4 Ra3+ 64. Kh4 Qf6+ 65. g5 Qf4# 0-1


[Site "https://www.chess.com"]

[Event "Titled Tuesday Blitz April 25 Early 2023"]
[White "Nakamura, Hikaru"]
[Black "Girya, Olga"]
[WhiteFideId "2016192"]
[BlackFideId "4195752"]
[WhiteElo "2885"]
[BlackElo "2263"]
[Result "1-0"]
[Round "02"]
[TimeControl "180+2"]
[Date "2023.04.25"]
[WhiteClock "0:02:07"]
[BlackClock "0:00:11"]

1. Nf3 d5 2. e3 Nf6 3. c4 e6 4. b3 Bd6 5. Bb2 O-O 6. d4 b6 7. cxd5 exd5 8. Nc3 Bb7 9. a3 a5 10. Qc2 Nbd7 11. Nb5 Ne4 12. Nxd6 cxd6 13. Bd3 f5 14. O-O Rc8 15. Qe2 Ndf6 16. a4 Ng4 17. h3 Ngf6 18. Rfc1 Qe7 19. Ne1 g6 20. f3 Ng5 21. Rxc8 Rxc8 22. Bc1 Ne6 23. Bd2 Rc7 24. Nc2 Kg7 25. Na3 f4 26. Nb5 Rd7 27. exf4 Nh5 28. Re1 Kf8 29. Qxe6 1-0


[Site "https://www.chess.com"]

[Event "Titled Tuesday Blitz April 25 Early 2023"]
[White "Goldin, Alexander"]
[Black "Naroditsky, Daniel"]
[WhiteFideId "2019540"]
[BlackFideId "2026961"]
[WhiteElo "2658"]
[BlackElo "2633"]
[Result "0-1"]
[Round "02"]
[TimeControl "180+2"]
[Date "2023.04.25"]
[WhiteClock "0:00:09"]
[BlackClock "0:00:33"]

1. Nf3 Nf6 2. d4 g6 3. g3 Bg7 4. Bg2 O-O 5. O-O d6 6. c4 Nbd7 7. Nc3 e5 8. e4 c6 9. h3 Qa5 10. Re1 exd4 11. Nxd4 Re8 12. Rb1 Ne5 13. Bf1 Be6 14. Nxe6 Rxe6 15. Be3 Nxe4 16. Bd4 Nxc3 17. Bxc3 Qb6 18. Kg2 Rae8 19. Qd2 h5 20. Rbd1 Qc7 21. f4 Nd7 22. Rxe6 Rxe6 23. Bxg7 Kxg7 24. f5 Rf6 25. Qd4 gxf5 26. Qh4 Qb6 27. Rd2 Qe3 28. Re2 Qh6 29. Qd4 f4 30. Re7 Nc5 31. Be2 Qg5 32. g4 Ne6 33. Qf2 hxg4 34. Bxg4 f3+ 35. Kh1 Rh6 36. Qf1 Qxe7 0-1


[Site "https://www.chess.com"]

[Event "Titled Tuesday Blitz April 25 Early 2023"]
[White "Sarana, Alexey"]
[Black "Vetoshko, Volodymyr"]
[WhiteFideId "24133795"]
[BlackFideId "14122480"]
[WhiteElo "2714"]
[BlackElo "2422"]
[Result "0-1"]
[Round "02"]
[TimeControl "180+2"]
[Date "2023.04.25"]
[WhiteClock "0:00:02"]
[BlackClock "0:00:03"]

1. d4 Nf6 2. c4 g6 3. Nc3 Bg7 4. e4 O-O 5. Be2 d6 6. Be3 Nc6 7. d5 Ne5 8. f4 Neg4 9. Bd2 Nh6 10. Nf3 c6 11. a4 e6 12. dxe6 Bxe6 13. O-O Nd7 14. Ng5 Qb6+ 15. Kh1 Qxb2 16. Rb1 Qa3 17. Nxe6 fxe6 18. Rb3 Qc5 19. Rxb7 Nb6 20. a5 Nc8 21. Na4 Qa3 22. Rf3 Qa2 23. h3 Nf7 24. Rbb3 Qxa4 25. Qc1 Qa1 26. Rb1 Qf6 27. Rb7 Qa1 28. Rb1 Qd4 29. Bc3 Qxe4 30. Bxg7 Kxg7 31. Qb2+ e5 32. Rd1 Ne7 33. fxe5 Qxe5 34. Qd2 Nf5 35. Bd3 Ng3+ 36. Kg1 Nf5 37. Bxf5 gxf5 38. Re1 Qf6 39. Rfe3 Ne5 40. c5 f4 41. Re4 f3 42. Qf2 fxg2 43. Qxg2+ Kh8 44. Kh1 Rg8 45. Qe2 Qf3+ 46. Qxf3 Nxf3 47. Rd1 dxc5 48. Rf4 Raf8 49. Rc4 Rf7 50. Rc3 h6 51. a6 Kh7 52. Rf1 Rgf8 53. Rxc5 Nd4 54. Rd1 Rf4 55. Rc4 Rf1+ 56. Rxf1 Rxf1+ 57. Kg2 Rd1 58. Rb4 Nb5 59. Rc4 Rd6 60. Re4 Rg6+ 61. Kh2 Nc7 62. Re7+ Rg7 63. Re4 Nxa6 64. Re6 Rc7 65. Kg3 Nc5 66. Re5 Nb7 67. Kf4 c5 68. Ke3 c4 69. Kd2 c3+ 70. Kc2 Nd6 71. Rd5 Nc4 72. Rd4 Ne3+ 73. Kc1 Nf5 74. Rf4 Kg6 75. Rg4+ Kf6 76. Ra4 Ke5 77. Ra6 Nd4 78. Ra5+ Ke4 79. Ra4 Kd3 80. Ra3 Ne2+ 81. Kd1 a5 82. h4 h5 83. Ke1 a4 0-1


[Site "https://www.chess.com"]

[Event "Titled Tuesday Blitz April 25 Early 2023"]
[White "Wieczorek, Oskar"]
[Black "Caruana, Fabiano"]
[WhiteFideId "1133950"]
[BlackFideId "2020009"]
[WhiteElo "2418"]
[BlackElo "2837"]
[Result "0-1"]
[Round "02"]
[TimeControl "180+2"]
[Date "2023.04.25"]
[WhiteClock "0:00:23"]
[BlackClock "0:01:21"]

1. e4 g6 2. d4 Bg7 3. Nf3 d6 4. Bc4 e6 5. Bb3 Ne7 6. Nc3 O-O 7. h4 h6 8. Be3 Nbc6 9. Qd2 Kh7 10. O-O-O Na5 11. h5 Nxb3+ 12. axb3 g5 13. Bxg5 hxg5 14. h6 Bf6 15. e5 dxe5 16. Ne4 Ng6 17. Nfxg5+ Kh8 18. Nxf6 Qxf6 19. dxe5 Qxe5 20. g3 Qf6 21. f4 e5 22. Ne4 Qe7 0-1


[Site "https://www.chess.com"]

[Event "Titled Tuesday Blitz April 25 Early 2023"]
[White "So, Wesley"]
[Black "Manukyan, Sargis A."]
[WhiteFideId "5202213"]
[BlackFideId "13303970"]
[WhiteElo "2749"]
[BlackElo "2187"]
[Result "1-0"]
[Round "02"]
[TimeControl "180+2"]
[Date "2023.04.25"]
[WhiteClock "0:00:38"]
[BlackClock "0:00:01"]

1. e4 c5 2. Nf3 d6 3. Bb5+ Bd7 4. Bxd7+ Qxd7 5. O-O Nc6 6. c4 Nf6 7. Nc3 g6 8. d4 cxd4 9. Nxd4 Bg7 10. Nde2 O-O 11. f3 Rfc8 12. b3 Qd8 13. Kh1 a6 14. a4 Rab8 15. Rb1 Nd7 16. Bg5 h6 17. Be3 Qa5 18. Bd2 Qd8 19. Be3 Qa5 20. Qd2 Kh7 21. Rfd1 Qd8 22. h3 Nc5 23. Qe1 Ne6 24. f4 Nc7 25. c5 Qf8 26. cxd6 exd6 27. Qd2 Rd8 28. f5 b5 29. axb5 axb5 30. Rbc1 Na5 31. Rb1 b4 32. Nd5 Nxd5 33. Qxd5 Nb7 34. Rf1 Qe8 35. fxg6+ fxg6 36. Rf7 Rd7 37. Rbf1 Nd8 38. Rxd7 Qxd7 39. Nd4 Rc8 40. Nb5 Qe6 41. Nxd6 Rc3 42. Bb6 Qd7 43. Nb5 Rxh3+ 44. Kg1 Rh5 45. Qxd7 Ne6 1-0


[Site "https://www.chess.com"]

[Event "Titled Tuesday Blitz April 25 Early 2023"]
[White "Kucuksari, Kaan"]
[Black "Firouzja, Alireza"]
[WhiteFideId "6380166"]
[BlackFideId "12573981"]
[WhiteElo "2364"]
[BlackElo "2904"]
[Result "0-1"]
[Round "02"]
[TimeControl "180+2"]
[Date "2023.04.25"]
[WhiteClock "0:00:01"]
[BlackClock "0:00:03"]

1. d4 Nf6 2. c4 g6 3. g3 Bg7 4. Bg2 O-O 5. Nc3 d6 6. Nf3 Nbd7 7. O-O e5 8. e4 c6 9. h3 Qb6 10. d5 cxd5 11. cxd5 Nc5 12. Nd2 Bd7 13. a4 Rac8 14. Qe2 Qb4 15. Ra3 Nxa4 16. Rb3 Nxc3 17. bxc3 Qa4 18. Bb2 Qa5 19. Ra1 Qd8 20. Rxb7 a5 21. Nc4 Rb8 22. Nxd6 Rxb7 23. Nxb7 Qc7 24. Nxa5 Ra8 25. Qc4 Qb8 26. Qb4 Qe8 27. c4 Rb8 28. Qc3 Qc8 29. c5 h5 30. h4 Kh7 31. c6 Bh3 32. Bf3 Bg4 33. Bg2 Bh3 34. Bf3 Bg4 35. Bh1 Ne8 36. Nc4 Qc7 37. Ba3 f5 38. Bc5 Rb5 39. Be3 f4 40. Ra7 Qb8 41. gxf4 exf4 42. Rxg7+ Nxg7 43. Bd4 Rb1+ 44. Kh2 f3+ 45. Be5 Rxh1+ 46. Kxh1 Qb1+ 47. Kh2 Qf1 48. Ne3 Qxf2+ 49. Kh1 Qxh4+ 50. Kg1 f2+ 51. Kf1 Bh3+ 52. Ke2 Qxe4 53. Kd2 Nf5 0-1


[Site "https://www.chess.com"]

[Event "Titled Tuesday Blitz April 25 Early 2023"]
[White "Andreikin, Dmitry"]
[Black "Chernobay, Artem"]
[WhiteFideId "4158814"]
[BlackFideId "4167406"]
[WhiteElo "2736"]
[BlackElo "2474"]
[Result "1-0"]
[Round "02"]
[TimeControl "180+2"]
[Date "2023.04.25"]
[WhiteClock "0:00:18"]
[BlackClock "0:00:02"]

1. d4 Nf6 2. Nf3 e6 3. c4 c5 4. Nc3 cxd4 5. Nxd4 Nc6 6. e3 Be7 7. Be2 O-O 8. O-O d5 9. cxd5 exd5 10. b3 Re8 11. Bb2 a6 12. Rc1 Ne5 13. Nf3 Ng6 14. Qd3 Be6 15. Rfd1 Qa5 16. Na4 Ne4 17. Bd4 Qd8 18. Nd2 Bf5 19. Nxe4 Bxe4 20. Qc3 Ba3 21. Ra1 Rc8 22. Qe1 Qe7 23. Nc3 Bb2 24. Nxe4 Bxa1 25. Nf6+ gxf6 26. Bxa1 Rc2 27. Rxd5 Nf4 28. Rd2 Qb4 29. Rd1 Qxe1+ 30. Rxe1 Rxe2 31. Rd1 Ne6 32. Bxf6 Rxa2 33. h4 h6 34. Rd5 Ra3 35. g4 Rxb3 36. Rh5 Kh7 37. g5 Kg6 38. Rxh6+ Kf5 39. Rh7 Nc5 40. Rxf7 Ke4 41. g6 Nd3 42. g7 1-0


[Site "https://www.chess.com"]

[Event "Titled Tuesday Blitz April 25 Early 2023"]
[White "KRUMMEL2008"]
[Black "Martinez Alcantara, Jose Eduardo"]
[BlackFideId "3805662"]
[WhiteElo "2640"]
[BlackElo "2711"]
[Result "0-1"]
[Round "02"]
[TimeControl "180+2"]
[Date "2023.04.25"]
[WhiteClock "0:00:02"]
[BlackClock "0:00:44"]

1. e4 c5 2. Nf3 d6 3. d4 cxd4 4. Nxd4 a6 5. c4 e6 6. Nc3 b6 7. Be2 Bb7 8. O-O Nf6 9. f3 Nbd7 10. Be3 Be7 11. Rc1 O-O 12. Qd2 Qb8 13. Rfd1 Bd8 14. b4 Bc7 15. Nb3 Re8 16. c5 dxc5 17. bxc5 Bxh2+ 18. Kh1 bxc5 19. Nxc5 Nxc5 20. Bxc5 Bf4 21. Be3 Bg3 22. Qb2 Be5 23. Bd4 Bxd4 24. Rxd4 Qe5 25. Rcd1 Bc6 26. Qb6 Bb5 27. Nxb5 axb5 28. Qxb5 Qg3 29. Qb2 Nh5 30. Bf1 Nf4 31. a4 Rf8 32. Qd2 h5 33. Qe1 Qg5 34. Qd2 e5 35. Rd7 Rxa4 36. Qf2 h4 37. Bb5 Rb4 38. Bc6 Rb6 39. Bd5 Rf6 40. Rc1 Nxd5 0-1


[Site "https://www.chess.com"]

[Event "Titled Tuesday Blitz April 25 Early 2023"]
[White "Bluebaum, Matthias"]
[Black "Domingo Nunez, Ruben"]
[WhiteFideId "24651516"]
[BlackFideId "22245570"]
[WhiteElo "2638"]
[BlackElo "2404"]
[Result "1-0"]
[Round "02"]
[TimeControl "180+2"]
[Date "2023.04.25"]
[WhiteClock "0:02:15"]
[BlackClock "0:02:14"]

1. d4 Nf6 2. c4 g6 3. Nc3 Bg7 4. e4 d6 5. Nf3 Nbd7 6. Be2 e5 7. Be3 O-O 8. O-O Ng4 9. Bg5 Ngf6 10. Qd2 Re8 11. Rad1 exd4 12. Nxd4 h6 13. Bxh6 Nxe4 14. Nxe4 Rxe4 15. Bxg7 Kxg7 16. Bf3 Re8 17. Qc3 Qf6 18. Nb5 Qxc3 19. bxc3 Ne5 20. Nxc7 Bh3 21. Bxb7 Bg4 22. Bxa8 Bxd1 23. Nxe8+ 1-0


[Site "https://www.chess.com"]

[Event "Titled Tuesday Blitz April 25 Early 2023"]
[White "Ingebretsen, Jens E"]
[Black "Mamedyarov, Shakhriyar"]
[WhiteFideId "1522965"]
[BlackFideId "13401319"]
[WhiteElo "2213"]
[BlackElo "2704"]
[Result "0-1"]
[Round "02"]
[TimeControl "180+2"]
[Date "2023.04.25"]
[WhiteClock "0:00:09"]
[BlackClock "0:00:46"]

1. c4 e5 2. Nc3 Bb4 3. Nd5 Be7 4. e3 Nf6 5. Nf3 c6 6. Nxe7 Qxe7 7. d3 O-O 8. Be2 d5 9. O-O e4 10. dxe4 dxe4 11. Nd4 Nbd7 12. b3 Ne5 13. Bb2 Rd8 14. Qc2 Bg4 15. Bxg4 Nexg4 16. Rad1 Qe5 17. g3 Qh5 18. h4 Ne5 19. Qe2 Nfg4 20. f3 Nf6 21. f4 Neg4 22. Nc2 Qf5 23. Rxd8+ Rxd8 24. Rd1 Rd3 25. Nd4 Qg6 26. f5 Qh5 27. Rxd3 exd3 28. Qxd3 h6 29. Qe2 c5 30. Nb5 Qxf5 31. Qf1 Qc2 32. Qg2 Qb1+ 0-1


[Site "https://www.chess.com"]

[Event "Titled Tuesday Blitz April 25 Early 2023"]
[White "Lazavik, Denis"]
[Black "Saveliev, Alexei"]
[WhiteFideId "13515110"]
[BlackFideId "24128546"]
[WhiteElo "2560"]
[BlackElo "2271"]
[Result "1-0"]
[Round "02"]
[TimeControl "180+2"]
[Date "2023.04.25"]
[WhiteClock "0:00:48"]
[BlackClock "0:00:43"]

1. d4 g6 2. c4 Bg7 3. Nf3 d6 4. g3 Nc6 5. Bg2 e5 6. dxe5 Nxe5 7. Nxe5 Bxe5 8. O-O Bg7 9. Nc3 Ne7 10. Qd2 a5 11. b3 a4 12. Rb1 h5 13. Nxa4 h4 14. Bb2 Bxb2 15. Qxb2 O-O 16. Nc3 h3 17. Bf3 c6 18. Ne4 f5 19. Nf6+ Kf7 20. Nh7 Rh8 21. Ng5+ Kg8 22. Qf6 Qf8 23. Qxd6 f4 24. gxf4 Bf5 25. e4 Rd8 26. Qe5 Bc8 27. Rbd1 Re8 28. Rd6 Rh6 29. Rf6 Qg7 30. Rd1 Rf8 31. Rxf8+ Qxf8 32. Rd6 Rh4 33. Rf6 Qd8 34. Rf7 Nf5 35. exf5 1-0


[Site "https://www.chess.com"]

[Event "Titled Tuesday Blitz April 25 Early 2023"]
[White "Atanasov, Anthony"]
[Black "Duda, Jan-Krzysztof"]
[WhiteFideId "2623897"]
[BlackFideId "1170546"]
[WhiteElo "2326"]
[BlackElo "2790"]
[Result "0-1"]
[Round "02"]
[TimeControl "180+2"]
[Date "2023.04.25"]
[WhiteClock "0:00:01"]
[BlackClock "0:00:55"]

1. d4 f5 2. c4 Nf6 3. Nc3 d6 4. g3 g6 5. Bg2 Bg7 6. Nh3 O-O 7. Bg5 c6 8. Qd2 e5 9. O-O Qe8 10. d5 c5 11. e4 Nxe4 12. Nxe4 fxe4 13. Bh6 Bxh3 14. Bxh3 Bxh6 15. Qxh6 Nd7 16. Be6+ Kh8 17. Bxd7 Qxd7 18. Rae1 Qg4 19. h3 Qf5 20. Qh4 Rf6 21. Rxe4 Raf8 22. Re3 Qc2 23. Qh6 Qxc4 24. Ra3 a6 25. f4 exf4 26. Raf3 Qd4+ 27. Kh1 Qxd5 0-1


[Site "https://www.chess.com"]